 Dungeon Crawl Stone Soup version 0.24-a0-581-gc0fa6600bf (webtiles) character file.

Game seed: 8805572094563170031

65 Amnesiac the Sneak (level 3, -3/19 HPs)
             Began as a Deep Elf Enchanter on Aug 24, 2019.
             Slain by an adder (5 damage)
             ... in a sewer.
             The game lasted 00:03:51 (1410 turns).

Amnesiac the Sneak (Deep Elf Enchanter)             Turns: 1410, Time: 00:03:51

Health: -3/19      AC:  2    Str:  5    XL:     3   Next: 94%
Magic:  3/10       EV: 13    Int: 20    God:
Gold:   24         SH:  0    Dex: 15    Spells: 1/10 levels left

rFire    . . .     SeeInvis .   a - +2 dagger (drain)
rCold    . . .     Gourm    .   (no shield)
rNeg     . . .     Faith    .   f - +0 robe
rPois    .         Spirit   .   (no helmet)
rElec    .         Reflect  .   (no cloak)
rCorr    .         Harm     .   (no gloves)
MR       .....                  (no boots)
Stlth    +++.......             (no amulet)
HPRegen  0.06/turn              (no ring)
MPRegen  0.12/turn              (no ring)

@: lethally poisoned (-3 -> -11), lightly drained
A: no striking features
a: no special abilities


You were in a sewer.
You were very hungry.

You visited 1 branch of the dungeon, and saw 3 of its levels.
You also visited: Sewer.

You collected 24 gold pieces.

Inventory:

Hand Weapons
 a - a +2 dagger of draining (weapon)
 b - a +1 hunting sling of flaming
 l - a +1 dagger
 n - a +2 short sword of flaming
Missiles
 i - 7 stones (quivered)
Armour
 f - a +0 robe (worn)
Scrolls
 c - 2 scrolls of teleportation
 e - a scroll of amnesia {unknown}
 j - 2 scrolls of identify {unknown}
 m - a scroll of fog {unknown}
Potions
 h - 3 potions of heal wounds {unknown}
 k - a potion of flight {unknown}
Comestibles
 d - 3 rations


   Skills:
 * Level 2.7(2.6) Short Blades
 - Level 2.4(2.3) Dodging
 - Level 4.1(4.0) Stealth
 - Level 4.1(4.0) Spellcasting
 - Level 4.1(4.0) Hexes


You had one spell level left.
You knew the following spells:

 Your Spells              Type           Power        Failure   Level  Hunger
a - Ensorcelled Hibernat  Hex/Ice        ##....       9%          2    #......
b - Corona                Hex            ###....      2%          1    None
e - Confuse               Hex            ###.....     8%          3    ###....
w - Tukima's Dance        Hex            ###.....     8%          3    ###....

Your spell library contained the following spells:

 Spells                   Type           Power        Failure   Level  Hunger
 Dazzling Spray           Conj/Hex       ##....       17%         3    ###....


Dungeon Overview and Level Annotations

Branches:
Dungeon (3/15)              Sewer (1/1)

Altars:


Message History

The adder bites you but does no damage. The adder bites you.
You are poisoned.
The adder poisons you!
You barely miss the adder.
The adder is moderately wounded.
You feel sick. The adder bites you.
You miss the adder.
The adder is moderately wounded.
The adder bites you.
* * * LOW HITPOINT WARNING * * *
You are more poisoned.
The adder poisons you!
You closely miss the adder.
The adder is moderately wounded.
The adder closely misses you.
You closely miss the adder.
The adder is moderately wounded.
* * * LOW HITPOINT WARNING * * *
You feel sick. The adder bites you.
You die...

######P##≈ #≈≈≈.≈.#≈# ..#
#..≈≈P####.## .P##
##≈..P≈≈≈≈≈≈≈ # ###
#######.≈.#########≈#
≈≈≈≈≈≈≈.≈..≈≈≈≈≈≈≈.≈#
###P######.≈≈..≈..≈..≈.#
#≈# #.≈..≈...≈≈≈..≈. #≈#
#.≈.....≈.P..... #≈#
##@...≈≈...P..≈≈. #≈#
##.S≈≈...≈P≈.PP≈≈. ≈≈ #≈#
###≈.≈≈.≈.≈P.≈#≈#≈.≈ #≈≈≈
#≈###...≈≈.P..P≈≈≈#≈# ≈≈
≈≈≈≈≈#≈##≈≈.≈.≈P≈...≈≈≈#
# ≈
#≈≈≈≈≈≈≈≈≈.≈≈...#.#≈≈≈≈≈#
≈≈≈≈≈≈≈≈≈(≈..≈≈≈#≈#≈≈≈≈≈#
#≈≈≈≈≈≈≈≈≈≈≈≈≈≈≈#≈#≈≈≈≈≈
≈≈≈≈≈≈≈≈≈≈≈≈≈≈≈≈#≈# ≈≈


You could see an adder.

Vanquished Creatures
  3 adders
  An ooze (D:3)
  2 worms (D:3)
  2 orcs (D:3)
  A giant cockroach (D:1)
  2 goblins (D:3)
  3 jackals (Sewer)
  2 ball pythons (Sewer)
  3 bats
  3 frilled lizards
  6 kobolds
  2 rats (D:3)
30 creatures vanquished.

Vanquished Creatures (others)
  A plant (Sewer)
1 creature vanquished.

Grand Total: 31 creatures vanquished

Notes
Turn   | Place    | Note
-------+----------+-------------------------------------------
     0 | D:1      | Amnesiac the Deep Elf Enchanter began the quest for the
                  | Orb.
     0 | D:1      | Reached XP level 1. HP: 10/10 MP: 6/6
   469 | D:3      | Reached XP level 2. HP: 15/15 MP: 6/8
   498 | D:3      | Learned a level 2 spell: Ensorcelled Hibernation
   620 | D:3      | Reached XP level 3. HP: 19/19 MP: 3/10
   662 | D:3      | Learned a level 3 spell: Confuse
   666 | D:3      | Learned a level 3 spell: Tukima's Dance
   677 | D:3      | Found a glowing drain.
   720 | Sewer    | Entered a sewer
  1410 | Sewer    | Slain by an adder

Levels and vault maps discovered:
D:1:      minmay_arrival_checkered_box, layout_basic
D:2:      layout_loops_corners, chequers_ecumenical_altar_simple_redux,
          kennysheep_generic_room_6
D:3:      layout_loops_ring, cheibrodos_sewer_entry_bend
Sewer:    sewer_co_scattered_pipes

Skill      XL: |  1  2  3 |
---------------+----------+-----
Stealth        | 4 |  4.1
Spellcasting   | 4 |  4.1
Short Blades   | 2 |  2.7
Dodging        | |  2.4
Hexes          | |  4.1

Action                   || total
-------------------------++-------
Melee: Dagger            ||   129
 Cast: Corona            ||    10
       Ensorcelled Hiber ||    16
       Confuse           ||     3
  Use: Scroll            ||     1
 Stab: Sleeping          ||    12
  Eat: Chunk             ||     1
Armor: Robe              ||    18
Dodge: Dodged            ||    64

Table legend:
 A = Non-vault XP
 B = Vault XP
 C = Vault XP percentage of total XP
 D = Non-vault monster count
 E = Vault monster count
 F = Vault count percentage of total count
                 A         B        C        D         E       F
            +---------+---------+-------+---------+---------+-------
      Total |      60 |      34 |  36.2 |      18 |      12 |  40.0
            +---------+---------+-------+---------+---------+-------
        D:1 |       7 |       0 |   0.0 |       5 |       0 |   0.0
        D:3 |      53 |       5 |   8.6 |      13 |       1 |   7.1
      Sewer |       0 |      29 | 100.0 |       0 |      11 | 100.0
            +---------+---------+-------+---------+---------+-------
